Map: Inside and Out

Players

soO - Winner!

  • Race: Zerg Zerg
  • Spawn Location: 1:00

Epic

  • Race: Terran Terran
  • Spawn Location: 7:00

Event: DreamHack SC2 Masters 2022 Atlanta (Offline)

VOD

Have the link to the VOD?

Description

Time

  • Played on: Nov. 18, 2022, 4:32 p.m.
  • Length: 10:26

All games in this series

Show
View Real Time Build Order
Export as new Build Order

soO Zerg - Winner!

Build Orders: Pool First 

Get SALT Encoding   

  12  0:00  Drone  
  13  0:12  Overlord  
  13  0:17  Drone  
  14  0:30  Drone x2  
  16  0:39  Spawning Pool  
  15  0:44  Drone  
  15  0:46  Drone  
  17  1:08  Hatchery  
  17  1:11  Drone  
  17  1:14  Drone  
  18  1:25  Extractor  
  17  1:26  Zergling x2  
  17  1:27  Zergling x2  
  17  1:31  Queen  
  21  1:38  Overlord  
  21  1:50  Drone  
  22  2:01  Drone  
  22  2:07  Queen  
  25  2:14  Drone  
  26  2:20  Queen, Drone  
  29  2:24  Drone  
  30  2:30  Drone  
  30  2:33  Overlord  
  31  2:38  Drone  
  31  2:39  Drone x2  
  34  2:50  Hatchery  
  33  2:54  Drone x2  
  33  2:58  Metabolic Boost  
  35  3:02  Drone  
  35  3:03  Drone  
  37  3:08  Drone x2  
  39  3:16  Drone x3  
  39  3:17  Drone  
  43  3:20  Drone  
  44  3:32  Roach Warren  
  44  3:33  Overlord  
  43  3:36  Drone  
  43  3:39  Extractor  
  43  3:44  Overlord  
  43  3:49  Drone, Overlord  
  43  3:50  Queen  
  46  3:57  Zergling x6, Overlord  
  46  4:02  Overlord  
  49  4:14  Roach x7  
  63  4:18  Roach  
  63  4:24  Roach  
  67  4:25  Drone  
  68  4:31  Zergling x2  
  68  4:32  Zergling x4  
  71  4:39  Zergling x10  
  76  4:46  Overlord  
  75  5:00  Ravager  
  75  5:01  Zergling x12  
  75  5:04  Zergling x4  
  84  5:13  Drone x3  
  87  5:15  Drone x2  
  87  5:18  Drone x2  
  87  5:19  Drone  
  89  5:22  Drone x2  
  89  5:24  Drone x2  
  89  5:27  Drone  
  90  5:29  Drone  
  88  5:35  Drone  
  88  5:36  Drone x5  
  88  5:38  Overlord  
  88  5:39  Drone x2  
  87  5:52  Lair  
  87  5:56  Queen, Drone x3  
  87  5:57  Drone x2  
  87  5:58  Queen  
  87  6:02  Zergling x8  
  90  6:08  Drone x2  
  90  6:09  Spore Crawler, Drone  
  92  6:15  Spore Crawler  
  92  6:16  Spore Crawler  
  90  6:18  Spore Crawler  
  90  6:21  Spore Crawler  
  90  6:22  Spore Crawler, Drone x3  
  90  6:23  Drone x2  
  90  6:24  Drone  
  90  6:25  Drone  
  93  6:27  Overlord, Extractor  
  93  6:28  Extractor  
  89  6:34  Drone x4  
  89  6:38  Drone  
  89  6:39  Drone x2, Evolution Chamber  
  95  6:40  Evolution Chamber  
  95  6:43  Drone x2  
  95  6:45  Queen  
  98  6:51  Overseer  
  98  6:54  Hatchery  
  95  6:57  Zergling x8  
  95  6:58  Zergling x4  
  92  7:07  Drone x2  
  92  7:08  Zerg Ground Armor Level 1, Zerg Melee Weapons Level 1  
  93  7:10  Baneling Nest, Drone  
  93  7:12  Drone  
  93  7:13  Queen, Drone  
  97  7:19  Drone  
  97  7:20  Drone x6  
  104  7:30  Zergling x2  
  104  7:31  Zergling x8  
  104  7:35  Zergling x4  
  107  7:38  Zergling x2  
  108  7:44  Hydralisk Den, Hatchery  
  108  7:45  Zergling x8  
  108  7:47  Zergling x2  
  111  7:56  Zergling x6, Centrifugal Hooks  
  113  8:04  Spore Crawler  
  112  8:07  Baneling  
  112  8:08  Baneling  
  112  8:13  Hydralisk  
  112  8:14  Hydralisk x2  
  112  8:15  Grooved Spines  
  112  8:16  Overlord  
  112  8:17  Baneling x4, Overlord  
  112  8:18  Baneling x3  
  112  8:19  Overlord  
  118  8:21  Overlord  
  118  8:24  Overlord  
  118  8:25  Extractor  
  118  8:26  Overlord  
  117  8:29  Overlord  
  117  8:33  Hydralisk  
  119  8:35  Overlord  
  119  8:37  Hydralisk x3  
  119  8:38  Hydralisk x7  
  140  8:48  Zergling x4  
  140  8:51  Baneling x4  
  140  8:52  Baneling x5  
  140  8:54  Zergling x20  
  140  8:55  Hatchery  
  150  9:01  Zergling x10  
  155  9:05  Zergling x6  
  157  9:10  Drone  
  157  9:12  Drone  
  157  9:13  Drone  
  157  9:14  Extractor  
  158  9:23  Overlord  
  158  9:24  Overlord  
  158  9:29  Zergling x28  
  171  9:38  Infestation Pit  
  171  9:39  Zergling x18  
  171  9:42  Zergling x4  
  178  9:50  Baneling x7  
  178  9:54  Baneling x8  
  178  9:58  Zergling x14  
  184  10:03  Overseer  
  184  10:06  Zergling x14  
Show
View Real Time Build Order
Export as new Build Order

Epic Terran 

Build Orders: Reaper Expand, Hellion Banshee 

Get SALT Encoding   

  12  0:00  SCV  
  13  0:12  SCV  
  14  0:16  Supply Depot  
  14  0:24  SCV  
  15  0:38  SCV  
  15  0:39  Barracks  
  16  0:43  Refinery  
  16  0:50  SCV  
  17  1:02  SCV  
  18  1:14  SCV  
  19  1:25  Reaper  
  19  1:26  Orbital Command  
  20  1:38  Command Center  
  20  1:46  Supply Depot  
  20  1:52  SCV  
  21  1:57  Marine  
  22  2:04  SCV  
  22  2:10  Factory  
  22  2:16  SCV  
  22  2:19  Barracks Reactor  
  23  2:28  SCV  
  24  2:38  Command Center  
  24  2:41  SCV  
  25  2:50  Orbital Command  
  25  2:53  SCV  
  25  2:58  Starport  
  26  3:05  SCV, Refinery  
  27  3:11  Hellion  
  29  3:14  Hellion  
  29  3:17  Barracks Tech Lab  
  29  3:19  SCV  
  32  3:21  SCV  
  33  3:32  SCV  
  33  3:34  SCV, Hellion  
  37  3:36  Hellion  
  37  3:41  Banshee  
  39  3:45  SCV  
  39  3:46  SCV  
  44  3:50  Orbital Command  
  44  3:55  Cloaking Field  
  44  3:57  SCV  
  44  3:58  SCV  
  44  3:59  Hellion  
  50  4:03  Hellion  
  50  4:09  Supply Depot, SCV  
  51  4:10  SCV  
  51  4:15  SCV  
  53  4:21  SCV  
  53  4:22  SCV  
  53  4:24  Banshee  
  55  4:27  Barracks Tech Lab  
  58  4:32  Barracks  
  58  4:33  SCV x2  
  58  4:34  SCV  
  58  4:35  Barracks, Factory Reactor  
  61  4:41  Supply Depot  
  60  4:52  SCV x2  
  62  4:56  Orbital Command  
  62  4:58  Engineering Bay x2, Refinery  
  62  4:59  Refinery  
  60  5:04  Bunker  
  60  5:07  Banshee  
  60  5:15  Marine  
  60  5:17  SCV x2  
  60  5:19  Marine x2  
  60  5:21  Stimpack  
  50  5:31  Factory Tech Lab, Marine  
  44  5:38  Marine x2  
  44  5:42  Orbital Command  
  35  5:43  SCV x3  
  35  5:49  Marine  
  34  5:50  Siege Tank  
  34  5:55  Marine  
  34  5:57  Orbital Command  
  35  5:59  Marine  
  35  6:01  SCV x2  
  35  6:03  Orbital Command  
  35  6:13  SCV, Marine  
  35  6:17  Marine  
  36  6:24  SCV  
  36  6:25  SCV, Starport Reactor  
  37  6:35  SCV  
  37  6:36  SCV, Marine  
  37  6:37  SCV, Marine  
  37  6:38  Barracks Reactor  
  42  6:46  Marine  
  43  6:47  SCV  
  43  6:48  SCV  
  43  6:49  SCV, Siege Tank  
  49  6:59  SCV  
  49  7:00  SCV  
  46  7:02  SCV  
  46  7:05  Marine x2  
  46  7:06  Supply Depot, Marine  
  47  7:10  Combat Shield  
  47  7:11  SCV  
  47  7:14  SCV  
  47  7:15  SCV  
  50  7:19  Marine x2  
  52  7:23  Refinery, Marine  
  52  7:26  SCV x2  
  55  7:31  Supply Depot  
  55  7:34  Siege Tank  
  54  7:39  SCV x2  
  54  7:40  SCV  
  54  7:42  Marine  
  58  7:47  Marine x2  
  58  7:48  Marine  
  58  7:54  SCV x3  
  61  7:58  Medivac  
  61  8:04  Medivac  
  65  8:06  SCV  
  65  8:07  SCV x2  
  68  8:17  Supply Depot  
  68  8:19  SCV x3  
  71  8:20  Marine x2, Factory Reactor  
  73  8:29  Engineering Bay  
  73  8:31  Engineering Bay  
  73  8:33  SCV x3  
  76  8:42  Marine x5  
  76  8:47  SCV x3  
  84  8:54  Refinery  
  81  8:57  Widow Mine x2  
  85  9:03  Supply Depot  
  85  9:04  Supply Depot, SCV  
  85  9:06  SCV  
  85  9:15  Supply Depot  
  85  9:24  Supply Depot  
  85  9:25  SCV x2, Medivac x2, Marine x2  
  85  9:26  SCV, Marine x3  
  101  9:31  Widow Mine x2  
  101  9:37  SCV x2  
  101  9:38  SCV  
  104  9:39  Supply Depot  
  104  9:42  Marine  
  101  9:47  Marine x4  
  101  9:52  SCV x3  
  107  9:58  Command Center  
  103  10:00  Marine  
  103  10:04  Armory, Widow Mine  
  103  10:05  Widow Mine, Marine  
  106  10:09  SCV x2  
  106  10:10  SCV  
Tags
 
Add a new tag
Caveats
  • Supply blocks, unpowered buildings, or Contaminate may cause inaccurate times.
  • Supply counts are checked every 10 seconds.